 Dungeon Crawl Stone Soup version 0.29.1-2-gbd0b4ee654 (webtiles) character file.

Game seed: 3588079628637210730

9205 Godmorgon the Basher (level 11, -6/89 HPs)
             Began as a Formicid Abyssal Knight on Oct 27, 2022.
             Was a High Priest of Lugonu.
             Mangled by a death yak (14 damage)
             ... on level 9 of the Dungeon.
             The game lasted 00:52:42 (13738 turns).

Godmorgon the Basher (Formicid Abyssal Knight)     Turns: 13738, Time: 00:52:44

Health: -6/89      AC: 14    Str: 21    XL:     11   Next: 70%
Magic:  18/18      EV:  6    Int: 11    God:    Lugonu [*****.]
Gold:   70         SH:  5    Dex: 20    Spells: 10/10 levels left

rFire   . . .      SeeInvis +   a - +9 hammer "Hewigger" {holy, Dex+6 SInv}
rCold   . . .      Faith    .   (no shield)
rNeg    + . .      Spirit   .   f - +0 plate armour
rPois   .          Reflect  +   (helmet unavailable)
rElec   +          Harm     .   A - +0 cloak
rCorr   .          Rampage  .   (no gloves)
Will    +++..                   L - +0 pair of boots
Stlth   ..........              t - amulet of reflection
HPRegen 0.24/turn               G - ring of willpower
MPRegen 0.16/turn               J - ring of Generosity {rElec rN+ Will+ Stlth+}

@: no status effects
A: permanent stasis, dig shafts and tunnels, antennae 3, four strong arms
a: Dig, Shaft Self, Renounce Religion, Depart the Abyss, Bend Space, Banish,
Corrupt, Enter the Abyss


You were on level 9 of the Dungeon.
You worshipped Lugonu.
Lugonu was extremely pleased with you.
You visited 1 branch of the dungeon, and saw 9 of its levels.
You visited the Abyss 1 time.
You also visited: Sewer.

You collected 633 gold pieces.
You spent 563 gold pieces at shops.

Inventory:

Hand Weapons
 a - the +9 hammer "Hewigger" (weapon) {holy, Dex+6 SInv}
   (You found it on level 4 of the Dungeon)

   It has been blessed by the Shining One to cause great damage to the undead
   and demons.
   Dex:       It affects your dexterity (+6).
   SInv:      It lets you see invisible.
 b - a +2 dagger of venom
 c - a +2 whip of flaming
 g - a +0 giant club
Missiles
 r - 24 poisoned darts (quivered)
 x - 5 boomerangs
 y - 5 silver javelins
 E - a silver boomerang
 I - 5 javelins
Armour
 f - a +0 plate armour (worn)
 A - a +0 cloak (worn)
 L - a +0 pair of boots (worn)
Jewellery
 l - the ring "Vasiputh" {Ice Int+4 Dex+8}
   (You found it on level 4 of the Dungeon)

   [ring of ice]

   It enhances your ice magic.
   Int:       It affects your intelligence (+4).
   Dex:       It affects your dexterity (+8).
   rF:        It makes you vulnerable to fire.
   rC:        It protects you from cold.
 t - an amulet of reflection (around neck)
 G - a ring of willpower (left hand)
 J - the ring of Generosity (right hand) {rElec rN+ Will+ Stlth+}
   (You bought it in a shop on level 5 of the Dungeon)

   [ring of positive energy]

   rElec:     It insulates you from electricity.
   rN:        It protects you from negative energy.
   Will:      It increases your willpower.
   Stlth:     It makes you more stealthy.
Wands
 i - a wand of digging (4)
 s - a wand of flame (18)
 C - a wand of quicksilver (8)
 D - a wand of paralysis (38)
 F - a wand of polymorph (15)
 K - a wand of roots (15)
Scrolls
 j - a scroll of brand weapon
 m - 2 scrolls of enchant weapon {unknown}
 o - 2 scrolls of fog {unknown}
 u - 5 scrolls of enchant armour
 z - a scroll of acquirement {unknown}
 M - 3 scrolls of vulnerability
Potions
 d - 3 potions of attraction
 e - a potion of cancellation {unknown}
 h - 4 potions of mutation
 n - a potion of degeneration {unknown}
 p - 2 potions of flight
 q - 3 potions of lignification
 v - a potion of resistance {unknown}
 B - a potion of brilliance {unknown}
 H - a potion of curing


   Skills:
 + Level 9.4 Fighting
 * Level 11.5 Maces & Flails
 - Level 6.0 Throwing
 - Level 5.0 Armour
 - Level 0.8 Dodging
 + Level 9.8 Invocations


You had 10 spell levels left.
You didn't know any spells.
Your spell library was empty.

Dungeon Overview and Level Annotations

Branches:
Dungeon (9/15)             Temple (0/1) D:7            Lair (0/5) D:9
  Sewer (visited)
    Orc: D:9-12

Altars:
Hepliaklqana
Makhleb
Qazlal
Sif Muna
Wu Jian
The Shining One

Shops:
D:4 *   D:5 ?=   D:8 !


Innate Abilities, Weirdness & Mutations

You cannot be hasted, slowed, berserked, paralysed or teleported.
You can dig through walls and to a lower floor.
You have a pair of large antennae on your head. (SInv)
Your four strong arms can wield two-handed weapons with a shield.


Message History

The death yak attacks as you move away! The death yak gores you!!
* * * LOW HITPOINT WARNING * * *
You feel much better.
The death yak gores you but does no damage.
You hit the death yak.
The death yak is heavily wounded.
The death yak gores you!
* * * LOW HITPOINT WARNING * * *
The yak gores you.
* * * LOW HITPOINT WARNING * * *
You feel much better. The yak gores you. The death yak gores you.
The yak attacks as you move away! The yak gores you.
* * * LOW HITPOINT WARNING * * *
You kill the yak!
Lugonu accepts your kill. The death yak attacks as you move away!
The death yak gores you but does no damage.
Throw: 26 darts (poison)
Press: ? - help, Q - select action, (/) - cycle Shift-Dir - straight line, f/p - death yak
Aim: a death yak (heavily wounded, poisoned, 83% to hit)
You throw a poisoned dart. The poisoned dart hits the death yak!
The death yak looks even sicker.
The death yak is heavily wounded.
The death yak gores you but does no damage.
Throw: 25 darts (poison)
Press: ? - help, Q - select action, (/) - cycle Shift-Dir - straight line, f/p - death yak
Aim: a death yak (heavily wounded, very poisoned, 83% to hit)
You throw a poisoned dart. The poisoned dart hits the death yak!
The death yak looks as sick as possible!
The death yak is heavily wounded.
The death yak attacks as you move away! The death yak gores you!
* * * LOW HITPOINT WARNING * * *
The death yak attacks as you move away! The death yak gores you!!
* * * LOW HITPOINT WARNING * * *
You feel better.
The death yak gores you but does no damage.
You sock the death yak!
The death yak is almost dead.
The death yak gores you!
You die...

......(..#.....####+####.....#
.......(....#.(..............##
.......((.##.#...............###
#........<#.........##....#..
+....####.#...†.....##......#
#.......#(#...............###
####....#(######(.......#####
####....#.######.......##....
.............@Y...#..##.......
........#.....................
#.......####..................
#...#..........>..#...........
#...###..........##...#.....>.
.... #..........##.......#... ..
#..........##...#.......
#..........##...........
...........##....##.#...


You could see a death yak (very poisoned).

Vanquished Creatures
  A two-headed ogre (D:8)
  Erica (D:8)
  4 death yaks
  Pikel (D:8)
  A hornet (D:8)
  A wyvern (D:7)
  3 yaks (D:9)
  A wraith (D:9)
  A steam dragon (D:7)
  Menkaure (D:5)
  3 water moccasins
  3 hornet zombies (D:7)
  3 orc warriors
  2 ice beasts
  A black bear (D:5)
  A centaur (D:6)
  4 lemures
  2 phantoms (D:4)
  5 kobold brigands
  7 bullfrogs
  A necrophage (D:7)
  3 scorpions
  8 wights
  7 killer bees
  4 centaur zombies (D:7)
  3 hounds
  2 orc priests
  Crazy Yiuf (D:4)
  A gnoll bouda (D:7)
  7 iguanas
  6 orc wizards
  2 killer bee zombies (D:7)
  2 howler monkey zombies (D:7)
  8 gnolls
  7 adders
  8 river rats
  An ufetubus (D:4)
  5 worms
  32 orcs
  7 endoplasms
  2 giant cockroaches
  6 hobgoblins
  5 jackals
  24 kobolds
  6 quokkas
  10 ball pythons
  4 bats
  3 frilled lizards
  4 goblins
  27 rats
  A spectral orc (D:7)
253 creatures vanquished.

Vanquished Creatures (others)
  6 plants (D:9)
  2 withered plants (D:7)
8 creatures vanquished.

Grand Total: 261 creatures vanquished

Notes
Turn   | Place    | Note
-------+----------+-------------------------------------------
     0 | Abyss:1  | Godmorgon the Formicid Abyssal Knight began the quest for
                  | the Orb.
     0 | Abyss:1  | Reached XP level 1. HP: 18/18 MP: 2/2
     1 | D:1      | Escaped the Abyss
   371 | D:1      | Reached XP level 2. HP: 22/24 MP: 3/3
   386 | D:1      | Reached skill level 1 in Throwing
   958 | D:2      | Reached XP level 3. HP: 27/29 MP: 4/4
  1127 | D:2      | Found a faded altar of an unknown god.
  1480 | D:2      | Reached XP level 4. HP: 20/35 MP: 6/6
  1696 | D:2      | Reached *** piety under Lugonu
  2749 | D:3      | Reached skill level 3 in Maces & Flails
  3097 | D:3      | Reached XP level 5. HP: 41/41 MP: 7/7
  3291 | D:3      | Found a burning altar of Makhleb.
  3465 | D:4      | Found a stormy altar of Qazlal.
  3497 | D:4      | Reached XP level 6. HP: 42/48 MP: 8/8
  3677 | D:4      | Found a glowing drain.
  3831 | Sewer    | Entered a sewer
  4109 | Sewer    | Reached skill level 4 in Maces & Flails
  4109 | Sewer    | Reached XP level 7. HP: 15/54 MP: 9/9
  4467 | Sewer    | Reached **** piety under Lugonu
  5670 | D:4      | Reached XP level 8. HP: 56/61 MP: 11/11
  6007 | D:4      | Found Wackonoh's Fire Supplies.
  6013 | D:4      | Identified the ring "Vasiputh" {Ice Int+4 Dex+8}
  6288 | D:4      | Found a runed translucent door.
  6289 | D:4      | Noticed Crazy Yiuf
  6307 | D:4      | Killed Crazy Yiuf
  6325 | D:4      | Identified the +9 hammer "Hewigger" {holy, Dex+6 SInv}
  6620 | D:5      | Entered Level 5 of the Dungeon
  6625 | D:5      | Noticed Menkaure
  6627 | D:5      | Found Xaru Teatu's Jewellery Shoppe.
  6632 | D:5      | Killed Menkaure
  6691 | D:5      | Reached skill level 5 in Maces & Flails
  6709 | D:5      | Reached skill level 5 in Armour
  6828 | D:5      | Reached skill level 5 in Fighting
  7129 | D:5      | Reached skill level 5 in Throwing
  7236 | D:5      | Found Gumuqiok's Magic Scroll Shop.
  7411 | D:6      | Reached skill level 5 in Invocations
  7430 | D:6      | Reached XP level 9. HP: 68/68 MP: 12/12
  7455 | D:6      | Reached skill level 6 in Maces & Flails
  8182 | D:7      | Found an ornate altar of the Wu Jian Council.
  8245 | D:7      | Found a hazy altar of Hepliaklqana.
  8605 | D:7      | Found a glowing golden altar of the Shining One.
  8632 | D:7      | Reached ***** piety under Lugonu
  8633 | D:7      | Reached skill level 7 in Maces & Flails
  8639 | D:7      | Found a staircase to the Ecumenical Temple.
  9044 | D:7      | Reached XP level 10. HP: 66/77 MP: 13/15
  9061 | D:7      | Reached skill level 8 in Maces & Flails
  9816 | D:7      | Found a shimmering blue altar of Sif Muna.
 10306 | D:8      | Reached skill level 9 in Maces & Flails
 10681 | D:8      | Noticed Pikel
 10979 | D:8      | Found Wodut's Distillery.
 10985 | D:8      | Bought a potion of heal wounds for 55 gold pieces
 11326 | D:5      | Bought the ring of Generosity {rElec rN+ Will+ Stlth+} for
                  | 508 gold pieces
 11375 | D:8      | Noticed Erica
 11384 | D:8      | Killed Erica
 11929 | D:8      | Killed Pikel
 11930 | D:8      | Reached skill level 10 in Maces & Flails
 11930 | D:8      | Reached XP level 11. HP: 64/86 MP: 17/17
 12188 | D:9      | Noticed a two-headed ogre
 12195 | D:8      | Killed a two-headed ogre
 12393 | D:9      | Noticed a death yak
 12393 | D:9      | Noticed a death yak
 12419 | D:9      | Killed a death yak
 12458 | D:9      | Noticed a death yak
 12458 | D:9      | Noticed a death yak
 12523 | D:9      | Found a staircase to the Lair.
 12628 | D:9      | Killed a death yak
 12629 | D:9      | Reached skill level 11 in Maces & Flails
 12812 | D:9      | Noticed a death yak
 12839 | D:8      | Killed a death yak
 13605 | D:8      | Killed a death yak
 13724 | D:9      | HP: 2/89 [death yak (19)]
 13736 | D:9      | HP: 3/89 [death yak (18)]
 13738 | D:9      | Mangled by a death yak

Illustrated notes

Levels and vault maps discovered:
D:1:      nzn_arrival_depleted_hourglass, layout_basic
D:2:      layout_loops_ring, serial_forest, infiniplex_forest_3_way,
          infiniplex_forest_fountain, infiniplex_forest_diagonal,
          infiniplex_forest_lined_3, infiniplex_forest_side_room,
          infiniplex_forest_end_1, infiniplex_forest_clump_large,
          infiniplex_forest_straight_1, shapermc_ecumenical_altar_venn,
          minmay_tetromino_o4
D:3:      layout_rooms, mainiacjoe_overflow_tiny_flanked
D:4:      layout_cave_pools, nicolae_qazlal_scattered_showers,
          gup_sewer_entry_bowl, nicolae_shop_fire_sale [nicolae_sub_dead_trees],
          uniq_crazy_yiuf_cottage
D:5:      layout_gridville, serial_shops, nicolae_shop_statue_plus,
          nicolae_shop_trees, minmay_misc_feat_columns, uniq_menkaure
D:6:      layout_cave_pods, roderic_three_in_a_row
D:7:      layout_basic, nicolae_overflow_crystal_walls,
          nicolae_hepliaklqana_monster_ancestors, kennysheep_orc_sif_temple,
          general_overflow_altar, minmay_temple_entry_junction, serial_undead,
          serial_undead_a, serial_undead_b, serial_undead_d, serial_undead_f
D:8:      layout_basic, serial_shops, shop_coins, uniq_pikel, uniq_erica
D:9:      layout_basic, nicolae_ru_great_annihilating_truth, dpeg_lair_monsters,
          kennysheep_nub, minmay_fountain_box, hangedman_ranch

Skill      XL: |  1  2  3  4  5  6  7  8  9 10 11 |
---------------+----------------------------------+-----
Throwing       | 1 2 3 5 6 |  6.0
Invocations    | 3 4 5 6 8 9 |  9.8
Maces & Flails | 3 4 5 7 10 11 | 11.5
Armour         | 3 4 5 |  5.0
Fighting       | 4 5 6 8 9 |  9.4
Dodging        | |  0.8

Action                   |  1- 3 |  4- 6 |  7- 9 | 10-12 || total
-------------------------+-------+-------+-------+-------++-------
Melee: Mace              |   114 |   205 |   363 |   254 ||   936
       Punch             |     1 |     1 |     3 |     5 ||    10
       Dagger            |       |       |    17 |       ||    17
       Whip              |       |       |       |     7 ||     7
 Fire: Sling             |       |     5 |       |       ||     5
Throw: Dart              |       |       |     5 |    70 ||    75
       Boomerang         |       |       |       |     2 ||     2
 Abil: Dig               |       |     1 |       |       ||     1
Evoke: Wand              |       |    14 |       |       ||    14
  Use: Potion            |       |     5 |       |     4 ||     9
       Scroll            |       |       |       |     9 ||     9
Armor: Ring mail         |    15 |       |       |       ||    15
       Leather armour    |     2 |       |       |       ||     2
       Plate armour      |    53 |   113 |   270 |   123 ||   559
Dodge: Dodged            |    52 |    68 |   142 |    65 ||   327
Block: Other             |       |    29 |    92 |    55 ||   176
       Reflection        |       |     1 |     4 |       ||     5
